Sewer Rats vs Thunder
Created - 30 novembre 2015 at 19:03
Goals
|
| Sewer Rats |
1 |
0 |
1 |
2 |
| Thunder |
0 |
2 |
2 |
4 |
|
Shots
|
| Sewer Rats |
11 |
12 |
8 |
31 |
| Thunder |
6 |
4 |
11 |
21 |
|
1st period
1. Sewer Rats , Mark Mancari 13 (Vojtech Polak) at 7:56
Penalties :
Jesse Blacker (TRO) for Tripping (Minor) at 2:35, Joey Ryan (TRO) for Hooking (Minor) at 9:04, Kelly Zajac (TRO) for Hooking (Minor) at 12:21
2nd period
2. Thunder , Dany Roussin 9 (Pierre-Alexandre Parenteau, Colby Cohen) at 3:24
3. Thunder , Tom Pyatt 7 (Adam Hall, Matt Generous) at 4:05
Penalties :
Brandon Mashinter (TRO) for Hooking (Minor) at 4:12, Vojtech Polak (Tol) for Roughing (Minor) at 5:21, Jannik Hansen (TRO) for Hooking (Minor) at 8:18, Jesse Blacker (TRO) for Tripping (Minor) at 16:53
3rd period
4. Thunder , Tom Pyatt 8 (Brett Festerling, Adam Hall) at 1:05
5. Sewer Rats , Patrick Bordeleau 2 (Kyle Turris) at 7:33
6. Thunder , Brandon Mashinter 3 (Dany Roussin) at 15:39
Penalties :
Ville Leino (Tol) for Holding (Minor) at 2:19, Brandon Mashinter (TRO) for Hooking (Minor) at 13:03, Kelly Zajac (TRO) for Boarding (Minor) at 16:30
Goalie Stats
Cédric Desjardins (Tol), 17 saves from 21 shots - (0,810), L, 6-1-0, 60:00 minutes
Corey Crawford (TRO), 29 saves from 31 shots - (0,935), W, 10-8-1, 60:00 minutes
Players Stats for Sewer Rats
Player Name G A P +/- PIM S H SB GA TA FO MP PP MP PK MP
------------------------------------------------------------------------------------
Brandon Sutter 0 0 0 0 0 2 1 0 0 0 20/38 21:29 8:30 1:07
Derek Dorsett 0 0 0 -1 0 5 2 1 0 0 0/1 10:01 0:13 1:11
Jared Boll 0 0 0 -2 0 1 2 1 1 0 0/0 12:09 0:30 0:00
Jarred Tinordi 0 0 0 0 0 1 0 0 0 0 0/0 3:40 0:00 0:00
John Lammers 0 0 0 0 0 0 1 0 0 0 0/0 9:21 0:00 1:10
John-Michael Liles 0 0 0 -1 0 1 5 1 1 1 0/0 27:34 9:05 1:47
Jonathan Paiement 0 0 0 -2 0 0 0 0 0 0 0/0 7:58 0:00 0:00
Kyle Quincey 0 0 0 1 0 2 1 1 0 2 0/0 20:48 5:57 1:21
Kyle Turris 0 1 1 -2 0 2 1 1 1 0 4/8 12:13 0:18 0:24
Lars Eller 0 0 0 0 0 0 1 0 0 0 1/3 7:23 0:00 0:00
Mark Mancari 1 0 1 0 0 2 2 0 0 0 0/0 16:54 6:14 0:17
Matt Lashoff 0 0 0 1 0 2 2 1 0 0 0/0 20:48 5:57 1:21
Mattias Ekholm 0 0 0 0 0 0 0 0 0 0 0/0 3:40 0:00 0:00
Nick Palmieri 0 0 0 0 0 2 4 0 1 0 1/2 22:06 8:23 1:23
Patrick Bordeleau 1 0 1 -1 0 1 3 0 0 0 0/0 10:11 0:00 0:00
Peter Mueller 0 0 0 0 0 1 0 1 0 0 2/8 15:58 6:14 0:00
Steven Kampfer 0 0 0 -2 0 1 0 1 0 0 0/0 7:58 0:00 0:00
Tim Ramholt 0 0 0 -1 0 1 0 0 1 2 0/0 27:34 9:05 1:47
Ville Leino 0 0 0 0 2 6 1 1 3 0 1/2 21:39 8:30 0:26
Vojtech Polak 0 1 1 0 2 1 1 0 0 2 0/0 16:36 6:13 0:18
Players Stats for Thunder
Player Name G A P +/- PIM S H SB GA TA FO MP PP MP PK MP
------------------------------------------------------------------------------------
Adam Hall 0 2 2 1 0 1 3 4 3 1 0/0 23:24 1:38 8:01
Bobby Farnham 0 0 0 0 0 0 0 0 0 0 0/0 4:39 0:29 0:00
Brandon Mashinter 1 0 1 2 4 1 1 0 0 0 1/5 12:30 1:13 0:04
Brett Festerling 0 1 1 1 0 2 1 1 0 0 0/0 19:59 1:09 6:42
Carl Hagelin 0 0 0 0 0 0 0 0 2 0 0/1 5:46 0:00 0:00
Casey Pierro-Zabotel 0 0 0 1 0 0 0 0 0 0 4/8 7:24 0:30 5:01
Colby Cohen 0 1 1 1 0 1 0 0 0 0 0/0 7:48 0:00 0:00
Dalton Smith 0 0 0 0 0 0 0 0 0 0 0/0 1:41 0:00 1:06
Dany Roussin 1 1 2 2 0 1 1 1 0 1 0/0 18:24 1:13 5:40
David Clarkson 0 0 0 -1 0 2 1 0 2 0 0/0 9:55 0:17 0:00
David Fischer 0 0 0 1 0 1 1 0 0 0 0/0 19:01 1:09 5:52
Derek Forbort 0 0 0 0 0 0 0 0 0 0 0/0 0:32 0:00 0:32
Dmitri Orlov 0 0 0 1 0 0 0 0 0 0 0/0 5:03 0:00 0:00
Jannik Hansen 0 0 0 2 2 3 0 0 0 1 2/3 14:49 1:26 0:00
Jesse Blacker 0 0 0 1 4 0 0 0 0 0 0/0 5:34 0:00 0:00
Joey Ryan 0 0 0 -1 2 0 2 2 0 2 0/0 26:37 1:59 7:48
Kelly Zajac 0 0 0 -1 4 1 0 0 0 0 4/6 10:03 0:00 0:26
Mat Clark 0 0 0 1 0 0 0 0 0 0 0/0 8:46 0:00 0:50
Matt Generous 0 1 1 -1 0 0 0 2 0 2 0/0 27:10 1:59 8:20
Matt Martin 0 0 0 -1 0 1 0 2 0 0 0/0 9:09 0:00 0:00
Pierre-Alexandre Parente 0 1 1 1 0 3 1 0 0 0 0/0 14:19 0:43 3:24
Robin Leblanc 0 0 0 0 0 0 0 1 0 1 0/2 6:27 0:00 0:00
Scott Parse 0 0 0 -1 0 0 0 0 0 0 4/6 5:28 0:00 2:32
Taylor Doherty 0 0 0 0 0 0 0 0 0 0 0/0 0:00 0:00 0:00
Tom Pyatt 2 0 2 1 0 4 0 1 0 0 18/31 19:32 1:55 3:50
3 Stars
1 - Tom Pyatt (TRO)
2 - Dany Roussin (TRO)
3 - Adam Hall (TRO)
Power Play
Sewer Rats - 0 on 8 Attempt(s) - 0,00%
Thunder - 0 on 2 Attempt(s) - 0,00%
Penalty Kill
Sewer Rats - 2 on 2 Attempt(s) - 100,00%
- Score 0 goal in Penalty Kill
Thunder - 8 on 8 Attempt(s) - 100,00%
- Score 0 goal in Penalty Kill
Team Stat
Sewer Rats - Hits : 27 - Faceoff Wins : 29 - Blocked Shots : 9 - Penalty Minutes : 4
Thunder - Hits : 11 - Faceoff Wins : 33 - Blocked Shots : 14 - Penalty Minutes : 16
Official
Referees : Morton Dean and Rehman Kyle
Linesman : Mark Wheler and Andy McElman
Game Notes
Scott Parse is injured at 13:03 of 1st period (Right Knee)
17:37 of 1st period - Thunder goal is going for a video replay. After video review, No Goal. The puck has been kicked using a distinct kicking motion.
Carl Hagelin is injured at 6:30 of 3rd period (Sports Hernia)
Finance
Level 1 -- Attendance: 1609 (80,45%) -- Ticket Income 56 315 $
Level 2 -- Attendance: 794 (79,40%) -- Ticket Income 11 910 $
Total Attendance: 2403 (80,10%)
Total Ticket Income: 68 225 $
Other Income: 3 411 $
Total Income: 71 636 $
Sewer Rats
5 vs 5 Forward
Center Left Wing Right Wing Time % Phy DF OF
1 Brandon Sutter Ville Leino Nick Palmieri 35 1 2 2
2 Peter Mueller Vojtech Polak Mark Mancari 30 1 2 2
3 Kyle Turris Patrick Bordeleau Jared Boll 20 1 2 2
4 Lars Eller John Lammers Derek Dorsett 15 1 2 2
5 vs 5 Defense
Defense Defense Time % Phy DF OF
1 Tim Ramholt John-Michael Liles 40 1 2 2
2 Matt Lashoff Kyle Quincey 30 1 2 2
3 Steven Kampfer Jonathan Paiement 20 1 2 2
4 Mattias Ekholm Jarred Tinordi 10 1 2 2
PowerPlay Forward
Center Left Wing Right Wing Time % Phy DF OF
1 Brandon Sutter Ville Leino Nick Palmieri 60 1 2 2
2 Peter Mueller Vojtech Polak Mark Mancari 40 1 2 2
PowerPlay Defense
Defense Defense Time % Phy DF OF
1 Tim Ramholt John-Michael Liles 60 1 2 2
2 Matt Lashoff Kyle Quincey 40 1 2 2
Penalty Kill 4 Players Forward
Center Wing Time % Phy DF OF
1 Ville Leino Nick Palmieri 60 1 2 2
2 Mark Mancari Brandon Sutter 40 1 2 2
Penalty Kill 4 Players Defense
Defense Defense Time % Phy DF OF
1 Tim Ramholt John-Michael Liles 60 1 2 2
2 Matt Lashoff Kyle Quincey 40 1 2 2
Penalty Kill - 3 Players Forward
Forward Time % Phy DF OF
1 Ville Leino 60 1 2 2
2 Nick Palmieri 40 1 2 2
Penalty Kill - 3 Players Defense
Defense Defense Time % Phy DF OF
1 Tim Ramholt John-Michael Liles 60 1 2 2
2 Matt Lashoff Kyle Quincey 40 1 2 2
4 vs 4 Forward
Center Wing Time % Phy DF OF
1 Ville Leino Nick Palmieri 60 1 2 2
2 Mark Mancari Brandon Sutter 40 1 2 2
4 vs 4 Defense
Defense Defense Time % Phy DF OF
1 Tim Ramholt John-Michael Liles 60 1 2 2
2 Matt Lashoff Kyle Quincey 40 1 2 2
Last Minutes Offensive
Center Left Wing Right Wing Defense Defense
Brandon Sutter Ville Leino Nick Palmieri Tim Ramholt John-Michael Liles
Last Minutes Defensive
Center Left Wing Right Wing Defense Defense
Brandon Sutter Ville Leino Nick Palmieri Tim Ramholt John-Michael Liles
Goaltenders
Starting : Cédric Desjardins
Backup : Jhonas Enroth
Extra Forwards
Normal : Jared Boll, Kyle Turris, Derek Dorsett - PP : Jared Boll, Kyle Turris - PK : Derek Dorsett
Extra Defensemen
Normal : Steven Kampfer, Jonathan Paiement, Mattias Ekholm - PP : Steven Kampfer - PK : Jonathan Paiement, Mattias Ekholm
Penalty Shots
Ville Leino, Nick Palmieri, Mark Mancari, Brandon Sutter, Peter Mueller
Thunder
5 vs 5 Forward
Center Left Wing Right Wing Time % Phy DF OF
1 Tom Pyatt Scott Parse Adam Hall 40 1 2 2
2 Brandon Mashinter Dany Roussin Pierre-Alexandre Parentea30 1 2 2
3 Kelly Zajac Matt Martin David Clarkson 20 1 2 2
4 Scott Parse Carl Hagelin Robin Leblanc 10 1 2 2
5 vs 5 Defense
Defense Defense Time % Phy DF OF
1 Matt Generous Joey Ryan 40 1 2 2
2 David Fischer Brett Festerling 30 1 2 2
3 Mat Clark Colby Cohen 20 1 2 2
4 Dmitri Orlov Jesse Blacker 10 1 2 2
PowerPlay Forward
Center Left Wing Right Wing Time % Phy DF OF
1 Tom Pyatt Scott Parse Adam Hall 60 1 2 2
2 Brandon Mashinter Dany Roussin Pierre-Alexandre Parentea40 1 2 2
PowerPlay Defense
Defense Defense Time % Phy DF OF
1 Matt Generous Joey Ryan 60 1 2 2
2 David Fischer Brett Festerling 40 1 2 2
Penalty Kill 4 Players Forward
Center Wing Time % Phy DF OF
1 Scott Parse Adam Hall 60 1 2 2
2 Pierre-Alexandre ParenteaDany Roussin 40 1 2 2
Penalty Kill 4 Players Defense
Defense Defense Time % Phy DF OF
1 Matt Generous Joey Ryan 60 1 2 2
2 David Fischer Brett Festerling 40 1 2 2
Penalty Kill - 3 Players Forward
Forward Time % Phy DF OF
1 Scott Parse 60 1 2 2
2 Adam Hall 40 1 2 2
Penalty Kill - 3 Players Defense
Defense Defense Time % Phy DF OF
1 Matt Generous Joey Ryan 60 1 2 2
2 David Fischer Brett Festerling 40 1 2 2
4 vs 4 Forward
Center Wing Time % Phy DF OF
1 Scott Parse Adam Hall 60 1 2 2
2 Pierre-Alexandre ParenteaDany Roussin 40 1 2 2
4 vs 4 Defense
Defense Defense Time % Phy DF OF
1 Matt Generous Joey Ryan 60 1 2 2
2 David Fischer Brett Festerling 40 1 2 2
Last Minutes Offensive
Center Left Wing Right Wing Defense Defense
Tom Pyatt Scott Parse Adam Hall Matt Generous Joey Ryan
Last Minutes Defensive
Center Left Wing Right Wing Defense Defense
Tom Pyatt Scott Parse Adam Hall Matt Generous Joey Ryan
Goaltenders
Starting : Corey Crawford
Backup : Barry Brust
Extra Forwards
Normal : Jannik Hansen, Bobby Farnham, Casey Pierro-Zabotel - PP : Jannik Hansen, Bobby Farnham - PK : Casey Pierro-Zabotel
Extra Defensemen
Normal : Taylor Doherty, Derek Forbort, Mat Clark - PP : Taylor Doherty - PK : Derek Forbort, Mat Clark
Penalty Shots
Scott Parse, Adam Hall, Pierre-Alexandre Parenteau, Dany Roussin, Matt Martin
% Time on Ice - Sewer Rats
Lines # - Real PCT - Wanted PCT - Time Play
Normal Forward
1 - 34% - 35% - 13:45
2 - 24% - 30% - 9:44
3 - 25% - 20% - 10:11
4 - 18% - 15% - 7:20
Normal Defense
1 - 39% - 40% - 16:02
2 - 33% - 30% - 13:20
3 - 19% - 20% - 7:58
4 - 9% - 10% - 3:40
PP Forward
1 - 59% - 60% - 8:48
2 - 41% - 40% - 6:14
PP Defense
1 - 60% - 60% - 9:05
2 - 40% - 40% - 5:57
PK Forward
1 - 91% - 60% - 2:51
2 - 9% - 40% - 0:17
PK Defense
1 - 57% - 60% - 1:47
2 - 43% - 40% - 1:21
PK3 Forward
1 - 0% - 60%
2 - 0% - 40%
PK3 Defense
1 - 0% - 60%
2 - 0% - 40%
44 Forward
1 - 82% - 60% - 0:41
2 - 18% - 40% - 0:09
44 Defense
1 - 80% - 60% - 0:40
2 - 20% - 40% - 0:10
Last Minute Offensive - 0:00
Last Minute Defensive - 0:00
Total
Forward - 60:00
Defense - 60:00
|
% Time on Ice - Thunder
Lines # - Real PCT - Wanted PCT - Time Play
Normal Forward
1 - 37% - 40% - 15:12
2 - 25% - 30% - 10:12
3 - 22% - 20% - 9:09
4 - 16% - 10% - 6:27
Normal Defense
1 - 40% - 40% - 16:25
2 - 29% - 30% - 11:44
3 - 19% - 20% - 7:48
4 - 12% - 10% - 5:03
PP Forward
1 - 77% - 60% - 2:25
2 - 23% - 40% - 0:43
PP Defense
1 - 63% - 60% - 1:59
2 - 37% - 40% - 1:09
PK Forward
1 - 77% - 60% - 11:38
2 - 23% - 40% - 3:24
PK Defense
1 - 61% - 60% - 9:10
2 - 39% - 40% - 5:52
PK3 Forward
1 - 0% - 60%
2 - 0% - 40%
PK3 Defense
1 - 0% - 60%
2 - 0% - 40%
44 Forward
1 - 100% - 60% - 0:50
2 - 0% - 40% - 0:00
44 Defense
1 - 68% - 60% - 0:34
2 - 32% - 40% - 0:16
Last Minute Offensive - 0:00
Last Minute Defensive - 0:00
Total
Forward - 60:00
Defense - 60:00
|
Play by Play
1st period
0:01 of 1st period - Tom Pyatt wins face-off versus Brandon Sutter in neutral zone.
0:16 of 1st period - Wrist shot by Ville Leino.
0:16 of 1st period - Stopped by Corey Crawford with a rebound.
0:26 of 1st period - John-Michael Liles is hit by Dany Roussin and loses puck.
0:35 of 1st period - Wrist shot by Pierre-Alexandre Parenteau.
0:35 of 1st period - Stopped by Cédric Desjardins without a rebound.
0:36 of 1st period - Kyle Turris wins face-off versus Kelly Zajac in Sewer Rats zone.
1:12 of 1st period - Snap shot by Carl Hagelin.
1:12 of 1st period - Shot Misses the Net.
1:24 of 1st period - Wrist shot by Peter Mueller.
1:24 of 1st period - Shot Misses the Net.
1:26 of 1st period - Slapshot by Matt Lashoff.
1:26 of 1st period - Shot Misses the Net.
1:28 of 1st period - Snap shot by Peter Mueller.
1:28 of 1st period - Shot Misses the Net.
1:48 of 1st period - Snap shot by Nick Palmieri.
1:48 of 1st period - Shot Misses the Net.
1:50 of 1st period - Snap shot by Ville Leino.
1:50 of 1st period - Deflect By Nick Palmieri.
1:50 of 1st period - Shot Misses the Net.
1:50 of 1st period - Puck is out of play.
1:51 of 1st period - Kelly Zajac wins face-off versus Lars Eller in Thunder zone.
1:56 of 1st period - Wrist shot by David Clarkson.
1:56 of 1st period - Shot Misses the Net.
1:58 of 1st period - Slapshot by Kelly Zajac.
1:58 of 1st period - Shot Misses the Net.
2:16 of 1st period - Scott Parse is hit by Nick Palmieri and loses puck.
2:25 of 1st period - Snap shot by Adam Hall.
2:25 of 1st period - Shot Misses the Net.
2:35 of 1st period - Minor Penalty to Jesse Blacker for Tripping.
2:36 of 1st period - Scott Parse wins face-off versus Brandon Sutter in Thunder zone.
3:25 of 1st period - Wrist shot by Pierre-Alexandre Parenteau.
3:25 of 1st period - Shot Blocked by Ville Leino.
3:27 of 1st period - Slapshot by Brett Festerling.
3:27 of 1st period - Deflect By Pierre-Alexandre Parenteau.
3:27 of 1st period - Stopped by Cédric Desjardins with a rebound.
4:32 of 1st period - Tim Ramholt is hit by David Fischer and loses puck.
4:35 of 1st period - Penalty to Jesse Blacker is over, Jesse Blacker is back on ice.
4:41 of 1st period - Adam Hall is hit by Jared Boll and loses puck.
5:32 of 1st period - Wrist shot by Pierre-Alexandre Parenteau.
5:32 of 1st period - Shot Misses the Net.
6:10 of 1st period - Icing by Pierre-Alexandre Parenteau.
6:11 of 1st period - Scott Parse wins face-off versus Kyle Turris in Thunder zone.
6:17 of 1st period - Off-side.
6:18 of 1st period - Brandon Sutter wins face-off versus Scott Parse in neutral zone.
6:25 of 1st period - Snap shot by Nick Palmieri.
6:25 of 1st period - Stopped by Corey Crawford with a rebound.
6:27 of 1st period - Slapshot by Jarred Tinordi.
6:27 of 1st period - Stopped by Corey Crawford with a rebound.
6:31 of 1st period - Snap shot by Brandon Sutter.
6:31 of 1st period - Shot Misses the Net.
6:33 of 1st period - Wrist shot by Ville Leino.
6:33 of 1st period - Shot Misses the Net.
6:53 of 1st period - Off-side.
6:54 of 1st period - Brandon Sutter wins face-off versus Tom Pyatt in neutral zone.
6:58 of 1st period - Off-side.
6:59 of 1st period - Brandon Sutter wins face-off versus Tom Pyatt in neutral zone.
7:06 of 1st period - Snap shot by Nick Palmieri.
7:06 of 1st period - Deflect By Ville Leino.
7:06 of 1st period - Shot Misses the Net.
7:06 of 1st period - Puck is out of play.
7:07 of 1st period - Peter Mueller wins face-off versus Tom Pyatt in Thunder zone.
7:10 of 1st period - Snap shot by Peter Mueller.
7:10 of 1st period - Shot Blocked by Matt Generous.
7:12 of 1st period - Slapshot by John-Michael Liles.
7:12 of 1st period - Deflect By Mark Mancari.
7:12 of 1st period - Shot Blocked by Matt Generous.
7:12 of 1st period - Puck is out of play.
7:13 of 1st period - Tom Pyatt wins face-off versus Peter Mueller in Thunder zone.
7:22 of 1st period - Snap shot by Peter Mueller.
7:22 of 1st period - Stopped by Corey Crawford without a rebound.
7:23 of 1st period - Brandon Sutter wins face-off versus Brandon Mashinter in Thunder zone.
7:54 of 1st period - Snap shot by Mark Mancari.
7:54 of 1st period - Shot Blocked by Adam Hall.
7:56 of 1st period - Slapshot by Mark Mancari.
7:56 of 1st period - Goal by Mark Mancari - Sewer Rats : 1 - Thunder : 0.
7:57 of 1st period - Nick Palmieri wins face-off versus Brandon Mashinter in neutral zone.
8:22 of 1st period - Dany Roussin is hit by Patrick Bordeleau and loses puck.
8:51 of 1st period - Pierre-Alexandre Parenteau is hit by Mark Mancari and loses puck.
9:04 of 1st period - Minor Penalty to Joey Ryan for Hooking.
9:05 of 1st period - Scott Parse wins face-off versus Brandon Sutter in Thunder zone.
10:35 of 1st period - Pierre-Alexandre Parenteau is hit by Matt Lashoff and loses puck.
11:04 of 1st period - Penalty to Joey Ryan is over, Joey Ryan is back on ice.
11:10 of 1st period - David Clarkson is hit by John-Michael Liles and loses puck.
11:19 of 1st period - Kelly Zajac is hit by John-Michael Liles and loses puck.
12:21 of 1st period - Minor Penalty to Kelly Zajac for Hooking.
12:22 of 1st period - Brandon Sutter wins face-off versus Scott Parse in Thunder zone.
12:24 of 1st period - Snap shot by Ville Leino.
12:24 of 1st period - Shot Misses the Net.
12:26 of 1st period - Slapshot by John-Michael Liles.
12:26 of 1st period - Shot Misses the Net.
12:28 of 1st period - Wrist shot by Ville Leino.
12:28 of 1st period - Shot Misses the Net.
12:30 of 1st period - Snap shot by Ville Leino.
12:30 of 1st period - Shot Misses the Net.
12:59 of 1st period - Snap shot by Vojtech Polak.
12:59 of 1st period - Shot Misses the Net.
13:01 of 1st period - Wrist shot by Vojtech Polak.
13:01 of 1st period - Stopped by Corey Crawford without a rebound.
13:02 of 1st period - Scott Parse wins face-off versus Peter Mueller in Thunder zone.
13:02 of 1st period - Scott Parse is hit by John-Michael Liles.
13:03 of 1st period - Scott Parse from Thunder is injured at 13:03 of 1st period (Right Knee).
13:04 of 1st period - Brandon Sutter wins face-off versus Casey Pierro-Zabotel in Thunder zone.
13:13 of 1st period - Slapshot by Ville Leino.
13:13 of 1st period - Stopped by Corey Crawford with a rebound.
13:15 of 1st period - Snap shot by Brandon Sutter.
13:15 of 1st period - Shot Blocked by Adam Hall.
13:17 of 1st period - Wrist shot by Ville Leino.
13:17 of 1st period - Stopped by Corey Crawford with a rebound.
13:19 of 1st period - Slapshot by John-Michael Liles.
13:19 of 1st period - Stopped by Corey Crawford with a rebound.
13:40 of 1st period - Wrist shot by Pierre-Alexandre Parenteau.
13:40 of 1st period - Shot Blocked by Peter Mueller.
13:42 of 1st period - Snap shot by David Fischer.
13:42 of 1st period - Stopped by Cédric Desjardins without a rebound.
13:43 of 1st period - Casey Pierro-Zabotel wins face-off versus Brandon Sutter in Sewer Rats zone.
14:21 of 1st period - Penalty to Kelly Zajac is over, Kelly Zajac is back on ice.
15:34 of 1st period - Snap shot by Tom Pyatt.
15:34 of 1st period - Stopped by Cédric Desjardins with a rebound.
15:36 of 1st period - Slapshot by Adam Hall.
15:36 of 1st period - Deflect By Tom Pyatt.
15:36 of 1st period - Shot Misses the Net.
15:36 of 1st period - Puck is out of play.
15:37 of 1st period - Brandon Sutter wins face-off versus Tom Pyatt in Sewer Rats zone.
15:37 of 1st period - Brandon Sutter is hit by Adam Hall.
15:46 of 1st period - Snap shot by Ville Leino.
15:46 of 1st period - Deflect By Brandon Sutter.
15:46 of 1st period - Shot Misses the Net.
15:46 of 1st period - Puck is out of play.
15:47 of 1st period - Tom Pyatt wins face-off versus Brandon Sutter in Thunder zone.
15:56 of 1st period - Matt Generous is hit by Nick Palmieri and loses puck.
16:09 of 1st period - Snap shot by Adam Hall.
16:09 of 1st period - Deflect By Jannik Hansen.
16:09 of 1st period - Stopped by Cédric Desjardins with a rebound.
16:15 of 1st period - Slapshot by Peter Mueller.
16:15 of 1st period - Shot Misses the Net.
16:17 of 1st period - Slapshot by Kyle Quincey.
16:17 of 1st period - Shot Misses the Net.
16:53 of 1st period - Joey Ryan is hit by Derek Dorsett and loses puck.
17:09 of 1st period - David Clarkson is hit by Lars Eller and loses puck.
17:18 of 1st period - Lars Eller is hit by Brett Festerling and loses puck.
17:33 of 1st period - Snap shot by David Clarkson.
17:33 of 1st period - Shot Blocked by Steven Kampfer.
17:35 of 1st period - Snap shot by Matt Martin.
17:35 of 1st period - Shot Misses the Net.
17:37 of 1st period - Snap shot by Kelly Zajac.
17:37 of 1st period - Thunder goal is going for a video replay.
17:37 of 1st period - The goal is refused. The puck has been kicked using a distinct kicking motion..
17:38 of 1st period - Brandon Sutter wins face-off versus Tom Pyatt in Sewer Rats zone.
17:51 of 1st period - Slapshot by Ville Leino.
17:51 of 1st period - Stopped by Corey Crawford with a rebound.
17:53 of 1st period - Wrist shot by Nick Palmieri.
17:53 of 1st period - Shot Blocked by Adam Hall.
18:33 of 1st period - Snap shot by Robin Leblanc.
18:33 of 1st period - Shot Blocked by Kyle Quincey.
18:35 of 1st period - Slapshot by Robin Leblanc.
18:35 of 1st period - Shot Misses the Net.
18:47 of 1st period - Snap shot by Tom Pyatt.
18:47 of 1st period - Shot Misses the Net.
19:03 of 1st period - Snap shot by Mark Mancari.
19:03 of 1st period - Shot Misses the Net.
19:11 of 1st period - Matt Lashoff is hit by Joey Ryan and loses puck.
19:24 of 1st period - Slapshot by John Lammers.
19:24 of 1st period - Shot Misses the Net.
19:26 of 1st period - Snap shot by Derek Dorsett.
19:26 of 1st period - Stopped by Corey Crawford with a rebound.
19:30 of 1st period - Snap shot by Lars Eller.
19:30 of 1st period - Shot Misses the Net.
19:32 of 1st period - Wrist shot by Derek Dorsett.
19:32 of 1st period - Shot Misses the Net.
Goals for this period are 1 for Sewer Rats vs 0 for Thunder.
Shots for this period are 11 for Sewer Rats vs 6 for Thunder.
2nd period
0:01 of 2nd period - Tom Pyatt wins face-off versus Brandon Sutter in neutral zone.
0:05 of 2nd period - Off-side.
0:06 of 2nd period - Jannik Hansen wins face-off versus Brandon Sutter in neutral zone.
1:01 of 2nd period - Slapshot by Jared Boll.
1:01 of 2nd period - Shot Blocked by Matt Martin.
1:03 of 2nd period - Backhand shot by Matt Lashoff.
1:03 of 2nd period - Shot Blocked by Brett Festerling.
1:42 of 2nd period - Wrist shot by Ville Leino.
1:42 of 2nd period - Stopped by Corey Crawford with a rebound.
1:51 of 2nd period - Off-side.
1:52 of 2nd period - Brandon Mashinter wins face-off versus Peter Mueller in neutral zone.
2:27 of 2nd period - Matt Generous is hit by Brandon Sutter and loses puck.
2:42 of 2nd period - Matt Generous is hit by Kyle Quincey and loses puck.
2:49 of 2nd period - Wrist shot by Lars Eller.
2:49 of 2nd period - Shot Misses the Net.
3:24 of 2nd period - Snap shot by Dany Roussin.
3:24 of 2nd period - Goal by Dany Roussin - Sewer Rats : 1 - Thunder : 1.
3:25 of 2nd period - Tom Pyatt wins face-off versus Brandon Sutter in neutral zone.
3:29 of 2nd period - Off-side.
3:30 of 2nd period - Tom Pyatt wins face-off versus Brandon Sutter in neutral zone.
4:05 of 2nd period - Snap shot by Tom Pyatt.
4:05 of 2nd period - Goal by Tom Pyatt - Sewer Rats : 1 - Thunder : 2.
4:06 of 2nd period - Brandon Sutter wins face-off versus Brandon Mashinter in neutral zone.
4:12 of 2nd period - Minor Penalty to Brandon Mashinter for Hooking.
4:13 of 2nd period - Brandon Sutter wins face-off versus Casey Pierro-Zabotel in Thunder zone.
4:18 of 2nd period - Wrist shot by Brandon Sutter.
4:18 of 2nd period - Shot Misses the Net.
4:20 of 2nd period - Slapshot by Tim Ramholt.
4:20 of 2nd period - Shot Blocked by Joey Ryan.
5:21 of 2nd period - Minor Penalty to Vojtech Polak for Roughing.
5:22 of 2nd period - Ville Leino wins face-off versus Jannik Hansen in Sewer Rats zone.
5:28 of 2nd period - Off-side.
5:29 of 2nd period - Jannik Hansen wins face-off versus Ville Leino in neutral zone.
5:36 of 2nd period - Slapshot by Tim Ramholt.
5:36 of 2nd period - Shot Misses the Net.
5:40 of 2nd period - Wrist shot by Nick Palmieri.
5:40 of 2nd period - Stopped by Corey Crawford with a rebound.
5:42 of 2nd period - Wrist shot by Ville Leino.
5:42 of 2nd period - Shot Misses the Net.
5:44 of 2nd period - Wrist shot by Ville Leino.
5:44 of 2nd period - Shot Misses the Net.
6:12 of 2nd period - Penalty to Brandon Mashinter is over, Brandon Mashinter is back on ice.
7:21 of 2nd period - Penalty to Vojtech Polak is over, Vojtech Polak is back on ice.
7:32 of 2nd period - Slapshot by Kyle Quincey.
7:32 of 2nd period - Stopped by Corey Crawford without a rebound.
7:33 of 2nd period - Kyle Turris wins face-off versus Robin Leblanc in Thunder zone.
7:34 of 2nd period - Slapshot by Jared Boll.
7:34 of 2nd period - Stopped by Corey Crawford without a rebound.
7:35 of 2nd period - Kelly Zajac wins face-off versus Kyle Turris in Thunder zone.
7:35 of 2nd period - Kelly Zajac is hit by Patrick Bordeleau.
7:41 of 2nd period - David Clarkson is hit by Jared Boll and loses puck.
8:14 of 2nd period - Snap shot by Ville Leino.
8:14 of 2nd period - Deflect By Nick Palmieri.
8:14 of 2nd period - Shot Blocked by Tom Pyatt.
8:14 of 2nd period - Puck is out of play.
8:15 of 2nd period - Tom Pyatt wins face-off versus Brandon Sutter in Thunder zone.
8:15 of 2nd period - Tom Pyatt is hit by Nick Palmieri.
8:18 of 2nd period - Minor Penalty to Jannik Hansen for Hooking.
8:19 of 2nd period - Brandon Sutter wins face-off versus Casey Pierro-Zabotel in Thunder zone.
8:19 of 2nd period - Wrist shot by Ville Leino.
8:19 of 2nd period - Stopped by Corey Crawford without a rebound.
8:20 of 2nd period - Casey Pierro-Zabotel wins face-off versus Brandon Sutter in Thunder zone.
10:10 of 2nd period - Matt Generous is hit by Vojtech Polak and loses puck.
10:18 of 2nd period - Penalty to Jannik Hansen is over, Jannik Hansen is back on ice.
10:21 of 2nd period - Matt Generous is hit by Kyle Turris and loses puck.
10:44 of 2nd period - Wrist shot by Derek Dorsett.
10:44 of 2nd period - Stopped by Corey Crawford with a rebound.
10:46 of 2nd period - Slapshot by John Lammers.
10:46 of 2nd period - Shot Misses the Net.
12:07 of 2nd period - Snap shot by Carl Hagelin.
12:07 of 2nd period - Shot Misses the Net.
12:09 of 2nd period - Wrist shot by Jannik Hansen.
12:09 of 2nd period - Shot Misses the Net.
12:11 of 2nd period - Slapshot by Colby Cohen.
12:11 of 2nd period - Stopped by Cédric Desjardins with a rebound.
12:13 of 2nd period - Snap shot by Robin Leblanc.
12:13 of 2nd period - Deflect By Jannik Hansen.
12:13 of 2nd period - Stopped by Cédric Desjardins with a rebound.
13:14 of 2nd period - Slapshot by Mark Mancari.
13:14 of 2nd period - Stopped by Corey Crawford with a rebound.
13:55 of 2nd period - Off-side.
13:56 of 2nd period - Brandon Sutter wins face-off versus Kelly Zajac in neutral zone.
14:21 of 2nd period - Slapshot by Pierre-Alexandre Parenteau.
14:21 of 2nd period - Shot Blocked by John-Michael Liles.
14:45 of 2nd period - Off-side.
14:46 of 2nd period - Tom Pyatt wins face-off versus Peter Mueller in neutral zone.
15:13 of 2nd period - Brandon Sutter is hit by Pierre-Alexandre Parenteau and loses puck.
16:22 of 2nd period - Robin Leblanc is hit by Mark Mancari and loses puck.
16:45 of 2nd period - Wrist shot by Ville Leino.
16:45 of 2nd period - Shot Blocked by Dany Roussin.
16:47 of 2nd period - Wrist shot by Matt Lashoff.
16:47 of 2nd period - Stopped by Corey Crawford with a rebound.
16:53 of 2nd period - Minor Penalty to Jesse Blacker for Tripping.
16:54 of 2nd period - Casey Pierro-Zabotel wins face-off versus Brandon Sutter in Thunder zone.
16:59 of 2nd period - Slapshot by Joey Ryan.
16:59 of 2nd period - Shot Misses the Net.
18:53 of 2nd period - Penalty to Jesse Blacker is over, Jesse Blacker is back on ice.
19:32 of 2nd period - Icing by Jesse Blacker.
19:33 of 2nd period - Lars Eller wins face-off versus Carl Hagelin in Thunder zone.
19:38 of 2nd period - Slapshot by Derek Dorsett.
19:38 of 2nd period - Stopped by Corey Crawford with a rebound.
19:40 of 2nd period - Slapshot by Lars Eller.
19:40 of 2nd period - Shot Blocked by Robin Leblanc.
19:42 of 2nd period - Slapshot by Steven Kampfer.
19:42 of 2nd period - Stopped by Corey Crawford with a rebound.
19:44 of 2nd period - Wrist shot by Lars Eller.
19:44 of 2nd period - Deflect By Derek Dorsett.
19:44 of 2nd period - Stopped by Corey Crawford with a rebound.
19:46 of 2nd period - Snap shot by Lars Eller.
19:46 of 2nd period - Shot Misses the Net.
19:48 of 2nd period - Snap shot by Derek Dorsett.
19:48 of 2nd period - Stopped by Corey Crawford with a rebound.
Goals for this period are 0 for Sewer Rats vs 2 for Thunder.
Shots for this period are 12 for Sewer Rats vs 4 for Thunder.
3rd period
0:01 of 3rd period - Brandon Sutter wins face-off versus Tom Pyatt in neutral zone.
0:04 of 3rd period - Slapshot by John-Michael Liles.
0:04 of 3rd period - Shot Blocked by Adam Hall.
0:16 of 3rd period - Adam Hall is hit by Ville Leino and loses puck.
0:35 of 3rd period - Slapshot by Dany Roussin.
0:35 of 3rd period - Shot Blocked by Matt Lashoff.
0:59 of 3rd period - Icing by Kyle Quincey.
1:00 of 3rd period - Tom Pyatt wins face-off versus Kyle Turris in Sewer Rats zone.
1:01 of 3rd period - Snap shot by Adam Hall.
1:01 of 3rd period - Shot Misses the Net.
1:03 of 3rd period - Snap shot by Brett Festerling.
1:03 of 3rd period - Stopped by Cédric Desjardins with a rebound.
1:05 of 3rd period - Wrist shot by Tom Pyatt.
1:05 of 3rd period - Goal by Tom Pyatt - Sewer Rats : 1 - Thunder : 3.
1:06 of 3rd period - Brandon Sutter wins face-off versus Tom Pyatt in neutral zone.
1:37 of 3rd period - Snap shot by Mark Mancari.
1:37 of 3rd period - Shot Misses the Net.
1:39 of 3rd period - Slapshot by Kyle Quincey.
1:39 of 3rd period - Stopped by Corey Crawford without a rebound.
1:40 of 3rd period - Brandon Sutter wins face-off versus Tom Pyatt in Thunder zone.
2:02 of 3rd period - Icing by Jannik Hansen.
2:03 of 3rd period - Tom Pyatt wins face-off versus Peter Mueller in Thunder zone.
2:03 of 3rd period - Tom Pyatt is hit by Matt Lashoff.
2:13 of 3rd period - Wrist shot by Pierre-Alexandre Parenteau.
2:13 of 3rd period - Stopped by Cédric Desjardins with a rebound.
2:15 of 3rd period - Slapshot by Brett Festerling.
2:15 of 3rd period - Stopped by Cédric Desjardins without a rebound.
2:16 of 3rd period - Brandon Sutter wins face-off versus Tom Pyatt in Sewer Rats zone.
2:16 of 3rd period - Tim Ramholt is hit by Adam Hall and loses puck.
2:19 of 3rd period - Minor Penalty to Ville Leino for Holding.
2:20 of 3rd period - Tom Pyatt wins face-off versus Derek Dorsett in Sewer Rats zone.
3:16 of 3rd period - Matt Lashoff is hit by Adam Hall.
3:55 of 3rd period - Adam Hall is hit by John-Michael Liles and loses puck.
4:04 of 3rd period - Snap shot by Kyle Turris.
4:04 of 3rd period - Stopped by Corey Crawford with a rebound.
4:06 of 3rd period - Slapshot by Matt Lashoff.
4:06 of 3rd period - Stopped by Corey Crawford with a rebound.
4:19 of 3rd period - Penalty to Ville Leino is over, Ville Leino is back on ice.
5:57 of 3rd period - Snap shot by Matt Martin.
5:57 of 3rd period - Stopped by Cédric Desjardins with a rebound.
6:11 of 3rd period - Slapshot by Kyle Quincey.
6:11 of 3rd period - Deflect By Kyle Turris.
6:11 of 3rd period - Shot Misses the Net.
6:11 of 3rd period - Puck is out of play.
6:12 of 3rd period - Kyle Turris wins face-off versus Robin Leblanc in Thunder zone.
6:29 of 3rd period - Carl Hagelin is hit by Patrick Bordeleau and loses puck.
6:30 of 3rd period - Carl Hagelin from Thunder is injured at 6:30 of 3rd period (Sports Hernia).
6:31 of 3rd period - Tom Pyatt wins face-off versus Brandon Sutter in Thunder zone.
6:36 of 3rd period - Wrist shot by Brandon Sutter.
6:36 of 3rd period - Stopped by Corey Crawford without a rebound.
6:37 of 3rd period - Tom Pyatt wins face-off versus Nick Palmieri in Thunder zone.
7:31 of 3rd period - Wrist shot by Kyle Turris.
7:31 of 3rd period - Shot Blocked by Joey Ryan.
7:33 of 3rd period - Snap shot by Patrick Bordeleau.
7:33 of 3rd period - Goal by Patrick Bordeleau - Sewer Rats : 2 - Thunder : 3.
7:34 of 3rd period - Tom Pyatt wins face-off versus Brandon Sutter in neutral zone.
7:49 of 3rd period - Wrist shot by Brandon Sutter.
7:49 of 3rd period - Shot Misses the Net.
8:12 of 3rd period - Wrist shot by Adam Hall.
8:12 of 3rd period - Deflect By Tom Pyatt.
8:12 of 3rd period - Shot Blocked by Kyle Turris.
8:12 of 3rd period - Puck is out of play.
8:13 of 3rd period - Brandon Sutter wins face-off versus Brandon Mashinter in Sewer Rats zone.
8:49 of 3rd period - Slapshot by Kyle Quincey.
8:49 of 3rd period - Deflect By Patrick Bordeleau.
8:49 of 3rd period - Shot Misses the Net.
8:49 of 3rd period - Puck is out of play.
8:50 of 3rd period - Tom Pyatt wins face-off versus Brandon Sutter in Thunder zone.
8:56 of 3rd period - Off-side.
8:57 of 3rd period - Brandon Sutter wins face-off versus Tom Pyatt in neutral zone.
9:05 of 3rd period - Snap shot by Tom Pyatt.
9:05 of 3rd period - Deflect By John-Michael Liles.
9:05 of 3rd period - Stopped by Cédric Desjardins without a rebound.
9:06 of 3rd period - Peter Mueller wins face-off versus Tom Pyatt in Sewer Rats zone.
9:41 of 3rd period - Snap shot by David Clarkson.
9:41 of 3rd period - Stopped by Cédric Desjardins with a rebound.
9:53 of 3rd period - Brett Festerling is hit by Nick Palmieri and loses puck.
10:26 of 3rd period - Snap shot by Kyle Turris.
10:26 of 3rd period - Stopped by Corey Crawford without a rebound.
10:27 of 3rd period - Brandon Sutter wins face-off versus Tom Pyatt in Thunder zone.
10:52 of 3rd period - John Lammers is hit by Brandon Mashinter.
11:25 of 3rd period - Slapshot by Jared Boll.
11:25 of 3rd period - Shot Blocked by Matt Martin.
11:55 of 3rd period - Robin Leblanc is hit by John Lammers and loses puck.
12:08 of 3rd period - Slapshot by Dmitri Orlov.
12:08 of 3rd period - Shot Misses the Net.
12:10 of 3rd period - Wrist shot by Jannik Hansen.
12:10 of 3rd period - Shot Misses the Net.
12:12 of 3rd period - Snap shot by Jannik Hansen.
12:12 of 3rd period - Stopped by Cédric Desjardins without a rebound.
12:13 of 3rd period - Tom Pyatt wins face-off versus Brandon Sutter in Sewer Rats zone.
12:22 of 3rd period - Joey Ryan is hit by John-Michael Liles and loses puck.
13:03 of 3rd period - Minor Penalty to Brandon Mashinter for Hooking.
13:04 of 3rd period - Tom Pyatt wins face-off versus Brandon Sutter in Thunder zone.
13:40 of 3rd period - Snap shot by Kyle Quincey.
13:40 of 3rd period - Shot Misses the Net.
15:03 of 3rd period - Penalty to Brandon Mashinter is over, Brandon Mashinter is back on ice.
15:18 of 3rd period - Snap shot by Brandon Mashinter.
15:18 of 3rd period - Shot Blocked by Derek Dorsett.
15:20 of 3rd period - Wrist shot by Brandon Mashinter.
15:20 of 3rd period - Shot Misses the Net.
15:22 of 3rd period - Wrist shot by Brandon Mashinter.
15:22 of 3rd period - Shot Misses the Net.
15:24 of 3rd period - Wrist shot by Brandon Mashinter.
15:24 of 3rd period - Shot Blocked by Jared Boll.
15:39 of 3rd period - Wrist shot by Brandon Mashinter.
15:39 of 3rd period - Goal by Brandon Mashinter - Sewer Rats : 2 - Thunder : 4.
15:40 of 3rd period - Kelly Zajac wins face-off versus Brandon Sutter in neutral zone.
15:50 of 3rd period - Brandon Sutter is hit by David Clarkson.
15:54 of 3rd period - Wrist shot by David Clarkson.
15:54 of 3rd period - Stopped by Cédric Desjardins without a rebound.
15:55 of 3rd period - Tom Pyatt wins face-off versus Kyle Turris in Sewer Rats zone.
15:56 of 3rd period - Snap shot by Adam Hall.
15:56 of 3rd period - Stopped by Cédric Desjardins without a rebound.
15:57 of 3rd period - Kyle Turris wins face-off versus Tom Pyatt in Sewer Rats zone.
15:57 of 3rd period - Kyle Turris is hit by Joey Ryan.
16:27 of 3rd period - Slapshot by Tim Ramholt.
16:27 of 3rd period - Deflect By Matt Martin.
16:27 of 3rd period - Stopped by Corey Crawford without a rebound.
16:28 of 3rd period - Kelly Zajac wins face-off versus Lars Eller in Thunder zone.
16:30 of 3rd period - Minor Penalty to Kelly Zajac for Boarding.
16:31 of 3rd period - Brandon Sutter wins face-off versus Casey Pierro-Zabotel in Thunder zone.
17:33 of 3rd period - Wrist shot by Ville Leino.
17:33 of 3rd period - Shot Misses the Net.
18:03 of 3rd period - Slapshot by Brandon Sutter.
18:03 of 3rd period - Stopped by Corey Crawford without a rebound.
18:04 of 3rd period - Casey Pierro-Zabotel wins face-off versus Peter Mueller in Thunder zone.
18:30 of 3rd period - Penalty to Kelly Zajac is over, Kelly Zajac is back on ice.
18:42 of 3rd period - Brett Festerling is hit by Derek Dorsett.
Goals for this period are 1 for Sewer Rats vs 2 for Thunder.
Shots for this period are 8 for Sewer Rats vs 11 for Thunder.
Output by the SimonT Hockey Simulator (STHS) for François Prévost -- Original Page W3C XHTML 1.0 Valid